 Dungeon Crawl Stone Soup version 0.20.1-1-g8b1a95d (webtiles) character file.

51 Linguinho the Sneak (level 3, -7/28 HPs)
             Began as a Demonspawn Assassin on Oct 30, 2017.
             Killed by nerve-wracking pain
             ... invoked by an orc priest
              (14 damage)
             ... on level 4 of the Dungeon.
             The game lasted 00:03:19 (1827 turns).

Linguinho the Sneak (Demonspawn Assassin)           Turns: 1827, Time: 00:03:20

Health: -7/28      AC:  4    Str: 12    XL:     3   Next: 58%
Magic:  3/3        EV: 10    Int: 12    God:
Gold:   68         SH:  0    Dex: 14    Spells: 2/2 levels left

rFire    . . .     SeeInvis .   a - +2 dagger
rCold    . . .     Gourm    .   (no shield)
rNeg     . . .     Faith    .   s - -2 ring mail (curse)
rPois    .         Spirit   .   (helmet restricted)
rElec    .         Reflect  .   d - +0 cloak
rCorr    .         Harm     .   (no gloves)
MR       .....                  (no boots)
Stlth    ++........             (no amulet)
Regen    0.1/turn               (no ring)
MPRegen  0.1/turn               (no ring)

@: no status effects
A: antennae 1, powered by death 1
a: no special abilities


You were on level 4 of the Dungeon.
You were hungry.

You visited 1 branch of the dungeon, and saw 4 of its levels.

You collected 68 gold pieces.

Inventory:

Hand Weapons
 a - a +2 dagger (weapon)
 b - a +0 blowgun
Missiles
 e - 49 poisoned needles
 f - 2 curare-tipped needles
Armour
 d - a +0 cloak (worn)
 l - a +0 leather armour
 p - a +0 scale mail
 s - a cursed -2 ring mail (worn)
Jewellery
 q - an uncursed ring of poison resistance {unknown}
Wands
 u - a wand of flame (31/48)
Scrolls
 c - a scroll of teleportation {unknown}
 h - a scroll of enchant armour {unknown}
 j - 2 scrolls of noise {unknown}
 o - a scroll of random uselessness {unknown}
 t - a scroll of remove curse {unknown}
Potions
 k - a potion of mutation {unknown}
 m - 2 potions of heal wounds {unknown}
 n - a potion of brilliance {unknown}
 r - 4 potions of curing {unknown}
Comestibles
 g - 3 bread rations
 i - a royal jelly


   Skills:
 + Level 2.4 Fighting
 + Level 2.4 Short Blades
 - Level 1.7 Throwing
 * Level 1.0 Armour
 + Level 1.0 Dodging
 + Level 4.1 Stealth


You had 2 spell levels left.
You didn't know any spells.

Dungeon Overview and Level Annotations

Branches:
Dungeon (4/15)
 Temple: D:4-7

Altars:


Innate Abilities, Weirdness & Mutations

You have a pair of small antennae on your head.
You regenerate a little health from kills.


Message History

The orc priest hits you with a hand axe.
* * * LOW HITPOINT WARNING * * *
The orc wizard mumbles some strange words.
The orc wizard seems to speed up.
The orc wizard casts a spell at you. You resist with significant effort.
There is a stone staircase leading down here.
You can't go up here!
The orc priest barely misses you.
You climb downwards.
A hound comes into view.
Found a scroll labeled HIAGIDD OV TAG and 2 tomahawks.
Found a stone staircase leading down.
There is a stone staircase leading up here.
You hit the orc priest.
The orc priest is moderately wounded.
The orc priest mumbles some strange prayers to Beogh against you.
Pain shoots through your body!
Ouch! That really hurt!
You die...

.......
.....>
#..h.#
....##
#..?.
##...
..###..o#
.......@#
.....#..#
... ##.#
. #.. ##.
.. .. ...


You could see a hound (sleeping) and an orc priest.

Vanquished Creatures
  An adder (D:2)
  An ooze (D:2)
  A worm (D:2)
  3 giant cockroaches
  4 goblins
  5 hobgoblins
  3 kobolds
  A ball python (D:2)
  8 bats
  2 frilled lizards (D:2)
  6 rats
35 creatures vanquished.

Notes
Turn   | Place    | Note
-------+----------+-------------------------------------------
     0 | D:1      | Linguinho the Demonspawn Assassin began the quest for the Orb.
     0 | D:1      | Reached XP level 1. HP: 16/16 MP: 1/1
   511 | D:1      | Gained mutation: You have a pair of small antennae on your head. [demonic ancestry]
   511 | D:1      | Reached XP level 2. HP: 13/22 MP: 2/2
   764 | D:2      | Reached skill level 1 in Dodging
   924 | D:2      | Reached skill level 4 in Stealth
  1352 | D:2      | Gained mutation: You regenerate a little health from kills. [demonic ancestry]
  1352 | D:2      | Reached XP level 3. HP: 26/27 MP: 3/3
  1444 | D:2      | Reached skill level 1 in Armour
  1827 | D:4      | Killed from afar by an orc priest

Skill      XL: |  1  2  3 |
---------------+----------+-----
Dodging        | 1 |  1.0
Stealth        | 4 |  4.1
Short Blades   | 2 |  2.4
Armour         | 1 |  1.0
Fighting       | |  2.4
Throwing       | |  1.7

Action                   || total
-------------------------++-------
Melee: Dagger            ||   115
 Stab: Sleeping          ||    10
  Eat: Chunk             ||     2
Armor: Robe              ||     2
       Leather armour    ||    10
       Scale mail        ||    35
       Ring mail         ||     7
Dodge: Dodged            ||    65
